[Event "-chT Youth Countries 2019"]
[Site "Wuerzburg"]
[Date "2019.10.04"]
[Round "5.3"]
[White "Lohr, Maximilian"]
[Black "Stelmaszyk, Nico"]
[Result "1/2-1/2"]
[ECO "B33"]
[WhiteElo "1996"]
[BlackElo "2190"]
[Annotator "NA"]
[PlyCount "118"]
[EventDate "2019.10.02"]
[EventType "team-tourn"]
[EventRounds "7"]
[EventCountry "GER"]
[SourceTitle "playchess.com"]
[Source "ChessBase"]
[SourceQuality "1"]
[WhiteTeam "Bayern 2"]
[BlackTeam "Niedersachsen"]
[TimeControl "40/5400+30:1800+30"]

1. e4 c5 2. Nf3 e6 3. d4 cxd4 4. Nxd4 Nc6 5. Nc3 Nf6 6. Ndb5 d6 7. Bf4 e5 8. Bg5 a6 9. Na3 b5 10. Nd5 Be7 11. Bxf6 Bxf6 12. c4 b4 13. Nc2 a5 14. g3 Bg5 15. Bg2 O-O 16. O-O Bh6 17. Qd3 Ra7 18. Rad1 Bg4 19. f3 Be6 20. b3 Kh8 21. Kh1 f5 22. f4 fxe4 23. Bxe4 Bg4 24. Rde1 exf4 25. gxf4 Raf7 26. Qg3 Bd7 27. Nce3 Ne7 28. Nxe7 Qxe7 29. Nd5 Qd8 30. Rf2 Bg5 31. fxg5 Rxf2 32. Nf6 R8xf6 33. gxf6 Qxf6 34. Bg2 Rxa2 35. c5 Ra1 36. c6 Bc8 37. Qe3 Rxe1+ 38. Qxe1 Qe6 39. Qh4 Qf6 40. Qe1 Qe5 41. Qf1 Bf5 42. c7 Qc5 43. h3 g6 44. Qa1+ Qe5 45. Qc1 Qc3 46. Qh6 Qe1+ 47. Kh2 Qe5+ 48. Kh1 Kg8 49. Qh4 Kg7 50. Qd8 Qe6 51. Bb7 Qxb3 52. Qe7+ Qf7 53. Qxd6 h6 54. Qe5+ Kh7 55. Qxa5 b3 56. Bd5 Qe7 57. Qc3 b2 58. Qxb2 Qxc7 59. Kg2 Qg7 {[%emt 0:00:06] normal} 1/2-1/2

[Event "-chT Youth Countries 2019"]
[Site "Wuerzburg"]
[Date "2019.10.04"]
[Round "5.4"]
[White "Post, Hugo"]
[Black "Glinzner, Alva"]
[Result "1-0"]
[ECO "B19"]
[WhiteElo "2204"]
[BlackElo "1897"]
[Annotator "NA"]
[PlyCount "87"]
[EventDate "2019.10.02"]
[EventType "team-tourn"]
[EventRounds "7"]
[EventCountry "GER"]
[SourceTitle "playchess.com"]
[Source "ChessBase"]
[SourceQuality "1"]
[WhiteTeam "Sachsen-Anhalt"]
[BlackTeam "Schleswig-Holstein"]
[TimeControl "40/5400+30:1800+30"]

1. e4 c6 2. d4 d5 3. Nc3 dxe4 4. Nxe4 Bf5 5. Ng3 Bg6 6. h4 h6 7. Nf3 Nd7 8. h5 Bh7 9. Bd3 Bxd3 10. Qxd3 Ngf6 11. Bd2 e6 12. O-O-O Be7 13. Ne4 Nxe4 14. Qxe4 Nf6 15. Qe2 Qd5 16. Kb1 Qe4 17. Qf1 Qf5 18. Ne5 Bd6 19. Nc4 Bc7 20. Ne3 Qe4 21. Bc1 O-O-O 22. f3 Qh7 23. g4 Nd5 24. Nc4 Nb6 25. Ne5 Rhf8 26. Qe2 Rd5 27. f4 Bxe5 28. dxe5 Rfd8 29. Rxd5 Nxd5 30. Rd1 Kc7 31. Rd3 Qg8 32. Qd2 Qh7 33. Qa5+ Kc8 34. Qxa7 Rd7 35. Qa8+ Kc7 36. Rb3 b5 37. Ra3 Nb4 38. Ra7+ Kb6 39. Be3+ c5 40. Qb8+ Kc6 41. Qc8+ Kd5 42. Qxc5+ Ke4 43. Qxb4+ Kxe3 44. Rxd7 {[%emt 0:00:06] normal} 1-0

[Event "-chT Youth Countries 2019"]
[Site "Wuerzburg"]
[Date "2019.10.04"]
[Round "5.4"]
[White "Hommer, Jeremy"]
[Black "Danninger, Jannik"]
[Result "0-1"]
[ECO "D00"]
[WhiteElo "2133"]
[BlackElo "1990"]
[Annotator "NA"]
[PlyCount "110"]
[EventDate "2019.10.02"]
[EventType "team-tourn"]
[EventRounds "7"]
[EventCountry "GER"]
[SourceTitle "playchess.com"]
[Source "ChessBase"]
[SourceQuality "1"]
[WhiteTeam "Niedersachsen"]
[BlackTeam "Bayern 2"]
[TimeControl "40/5400+30:1800+30"]

1. d4 d5 2. Bf4 Nf6 3. e3 e6 4. Nd2 Bd6 5. Bg3 O-O 6. Ngf3 c5 7. c3 Qc7 8. Ne5 Nfd7 9. f4 f6 10. Nxd7 Nxd7 11. Bd3 Nb6 12. O-O Bd7 13. Qh5 f5 14. Qe2 Na4 15. Nf3 c4 16. Bb1 b5 17. Rc1 a5 18. Be1 Be8 19. Ne5 Bxe5 20. fxe5 Qe7 21. b3 Nb6 22. Bc2 Qg5 23. Bd2 Bh5 24. Qf2 Qe7 25. Kh1 Kh8 26. Rf1 Rg8 27. Rfb1 Rab8 28. b4 a4 29. a3 g5 30. Rg1 Qf7 31. Raf1 Kg7 32. g4 fxg4 33. Qxf7+ Bxf7 34. Rxg4 h6 35. h4 Bh5 36. Rg3 Rbf8 37. Rxf8 Kxf8 38. hxg5 Rxg5 39. Kg2 Kg7 40. Rxg5+ hxg5 41. Kg3 Bg6 42. Bxg6 Kxg6 43. Kg4 Nc8 44. Bc1 Ne7 45. Bd2 Nf5 46. Kf3 Kh5 47. e4 g4+ 48. Kf4 dxe4 49. Kxe4 Ne7 50. Ke3 Kh4 51. Kf2 Kh3 52. Kg1 Nd5 53. Be1 g3 54. Bd2 g2 55. Be1 Nf4 {[%emt 0:00:00] normal} 0-1

[Event "-chT Youth Countries 2019"]
[Site "Wuerzburg"]
[Date "2019.10.04"]
[Round "5.4"]
[White "Lohvinov, Petro"]
[Black "Lutz, Ruben"]
[Result "0-1"]
[ECO "C00"]
[WhiteElo "2117"]
[BlackElo "2112"]
[Annotator "NA"]
[PlyCount "134"]
[EventDate "2019.10.02"]
[EventType "team-tourn"]
[EventRounds "7"]
[EventCountry "GER"]
[SourceTitle "playchess.com"]
[Source "ChessBase"]
[SourceQuality "1"]
[WhiteTeam "Bayern 1"]
[BlackTeam "Sachsen"]
[TimeControl "40/5400+30:1800+30"]

1. e4 e6 2. d3 d5 3. Nd2 Nf6 4. g3 b6 5. Bg2 Bb7 6. e5 Nfd7 7. Ngf3 c5 8. O-O Nc6 9. Re1 Qc7 10. Qe2 Be7 11. c4 d4 12. h4 h6 13. h5 O-O-O 14. a3 g6 15. hxg6 fxg6 16. Bh3 Nf8 17. Ne4 g5 18. Nf6 Kb8 19. Nh5 Rg8 20. Bg2 Ng6 21. Bh3 Bc8 22. Qe4 Rdf8 23. Bg4 Nd8 24. Qe2 Bb7 25. b4 Bxf3 26. Bxf3 Qxe5 27. Be4 cxb4 28. axb4 Bxb4 29. Bd2 Bc5 30. Qd1 Qc7 31. Ra6 Ne5 32. Qe2 Nec6 33. Rea1 Rf7 34. Be1 Rgf8 35. Kg2 Qd6 36. f3 Bb4 37. Bxb4 Nxb4 38. R6a4 a5 39. Rc1 Rc7 40. g4 Nb7 41. Ng3 Nc5 42. Ra3 Rcf7 43. Rf1 Qf4 44. Raa1 Qe3 45. Qxe3 dxe3 46. d4 Ncd3 47. Ra3 Nf4+ 48. Kh2 Rd7 49. c5 Rxd4 50. cxb6 Rd2+ 51. Kh1 e2 52. Re1 Rd1 53. Ra1 Rfd8 54. Nxe2 Rxa1 55. Rxa1 Nxe2 56. Kg2 Nf4+ 57. Kf1 Nbd5 58. Rxa5 Nxb6 59. Rb5 Rd6 60. Ra5 Nbd5 61. Rb5+ Kc7 62. Ra5 Rb6 63. Ra7+ Kd6 64. Rh7 Rb2 65. Rxh6 Ne3+ 66. Kg1 Rg2+ 67. Kh1 Ne2 {[%emt 0:00:14] normal} 0-1

[Event "-chT Youth Countries 2019"]
[Site "Wuerzburg"]
[Date "2019.10.04"]
[Round "5.4"]
[White "Eilenberg, Jonas"]
[Black "Gutkin, Ilya"]
[Result "1-0"]
[ECO "A40"]
[WhiteElo "2050"]
[BlackElo "2047"]
[Annotator "NA"]
[PlyCount "65"]
[EventDate "2019.10.02"]
[EventType "team-tourn"]
[EventRounds "7"]
[EventCountry "GER"]
[SourceTitle "playchess.com"]
[Source "ChessBase"]
[SourceQuality "1"]
[WhiteTeam "Berlin"]
[BlackTeam "Nordrhein-Westfalen"]
[TimeControl "40/5400+30:1800+30"]

1. d4 e6 2. Nf3 c5 3. e3 d5 4. c3 Nc6 5. Bd3 Nf6 6. Nbd2 Bd6 7. O-O O-O 8. dxc5 Bxc5 9. b4 Bd6 10. Bb2 Qe7 11. a3 e5 12. e4 Bg4 13. h3 Bh5 14. Re1 Rad8 15. Qe2 Bb8 16. b5 Na5 17. g4 Bg6 18. a4 dxe4 19. Bxe4 Nxe4 20. Nxe4 Qc7 21. Ba3 Rfe8 22. Bb4 Nc4 23. Rad1 a5 24. bxa6 Bxe4 25. Rxd8 Rxd8 26. Qxe4 bxa6 27. a5 h6 28. g5 h5 29. g6 fxg6 30. Ng5 Nd6 31. Qxg6 Rd7 32. Qh7+ Kf8 33. Ne6+ {[%emt 0:00:09] normal} 1-0

[Event "-chT Youth Countries 2019"]
[Site "Wuerzburg"]
[Date "2019.10.04"]
[Round "5.4"]
[White "Schumann, Rabea"]
[Black "Hecht, Jonas Christian"]
[Result "1-0"]
[ECO "A13"]
[WhiteElo "1922"]
[BlackElo "1775"]
[Annotator "NA"]
[PlyCount "107"]
[EventDate "2019.10.02"]
[EventType "team-tourn"]
[EventRounds "7"]
[EventCountry "GER"]
[SourceTitle "playchess.com"]
[Source "ChessBase"]
[SourceQuality "1"]
[WhiteTeam "Mecklenburg-Vorpommern"]
[BlackTeam "Baden 2"]
[TimeControl "40/5400+30:1800+30"]

1. c4 e6 2. g3 d5 3. Nf3 Nf6 4. Bg2 c5 5. O-O Nc6 6. b3 Be7 7. Bb2 d4 8. d3 O-O 9. e3 e5 10. exd4 exd4 11. Na3 h6 12. Qd2 Bf5 13. Nc2 a5 14. Rfe1 Bd6 15. a3 Rc8 16. b4 b6 17. b5 Nb8 18. Re2 Nbd7 19. Rae1 Qc7 20. Bc1 Ng4 21. Nh4 Bh7 22. f4 Ngf6 23. Bh3 Qb8 24. Bf5 Bxf5 25. Nxf5 Rce8 26. Rxe8 Rxe8 27. Rxe8+ Nxe8 28. Qe2 Bf8 29. Nxh6+ gxh6 30. Qg4+ Ng7 31. Qxd7 Qe8 32. Qxe8 Nxe8 33. f5 h5 34. h3 Bd6 35. Kg2 Nf6 36. a4 Nd7 37. Ne1 Ne5 38. Bf4 Kg7 39. Bxe5+ Bxe5 40. g4 hxg4 41. hxg4 Kf6 42. Nf3 Bf4 43. Kh3 Be3 44. Kg3 Bc1 45. Ng1 Bd2 46. Ne2 Bf4+ 47. Kxf4 Ke7 48. Ke5 f6+ 49. Kf4 Kf7 50. g5 fxg5+ 51. Kxg5 Kg7 52. f6+ Kf8 53. Kf5 Kf7 54. Ke5 {normal} 1-0

[Event "-chT Youth Countries 2019"]
[Site "Wuerzburg"]
[Date "2019.10.04"]
[Round "5.4"]
[White "Riegel, Arinna"]
[Black "Bakiev, Diyor"]
[Result "1/2-1/2"]
[ECO "A06"]
[WhiteElo "1894"]
[BlackElo "2088"]
[Annotator "NA"]
[PlyCount "75"]
[EventDate "2019.10.02"]
[EventType "team-tourn"]
[EventRounds "7"]
[EventCountry "GER"]
[SourceTitle "playchess.com"]
[Source "ChessBase"]
[SourceQuality "1"]
[WhiteTeam "Baden 1"]
[BlackTeam "Hessen"]
[TimeControl "40/5400+30:1800+30"]

1. Nf3 d5 2. g3 Nf6 3. Bg2 c5 4. d4 e6 5. O-O Nc6 6. c4 Be7 7. Nc3 dxc4 8. Qa4 O-O 9. dxc5 Bxc5 10. Qxc4 Bb6 11. Rd1 Qe7 12. Bf4 e5 13. Bg5 Be6 14. Qh4 h6 15. Bxf6 Qxf6 16. Qxf6 gxf6 17. Nd5 Kg7 18. Nxb6 axb6 19. a3 Rfd8 20. Kf1 Na5 21. Nd2 Rac8 22. b4 Bb3 23. Rdb1 Bc2 24. Rb2 Rxd2 25. bxa5 bxa5 26. Bxb7 Rc3 27. Be4 Rd1+ 28. Rxd1 Bxd1 29. Ke1 Ba4 30. Ra2 Bb3 31. Ra1 a4 32. Kd2 Rc4 33. Bd3 Rd4 34. Kc3 Kf8 35. Rc1 Ke7 36. Kb2 Kd6 37. Kc3 Ke7 38. Bb5 {normal} 1/2-1/2

[Event "-chT Youth Countries 2019"]
[Site "Wuerzburg"]
[Date "2019.10.04"]
[Round "5.4"]
[White "Jacoby, Angelina"]
[Black "Deuer, Marius"]
[Result "1/2-1/2"]
[ECO "A48"]
[WhiteElo "1635"]
[BlackElo "1993"]
[Annotator "NA"]
[PlyCount "83"]
[EventDate "2019.10.02"]
[EventType "team-tourn"]
[EventRounds "7"]
[EventCountry "GER"]
[SourceTitle "playchess.com"]
[Source "ChessBase"]
[SourceQuality "1"]
[WhiteTeam "Brandenburg/Berlin"]
[BlackTeam "Württemberg"]
[TimeControl "40/5400+30:1800+30"]

1. d4 Nf6 2. Bf4 g6 3. Nf3 Bg7 4. c3 O-O 5. h3 d6 6. e3 Nbd7 7. Be2 Nh5 8. Bh2 Qe8 9. O-O e5 10. dxe5 dxe5 11. Nbd2 b6 12. Bb5 Qe6 13. Ne4 h6 14. Qa4 a6 15. Bc4 Qe7 16. Qc6 Ra7 17. Qxg6 Nhf6 18. Nxf6+ Qxf6 19. Qxf6 Bxf6 20. Rfd1 Re8 21. Bd5 Nc5 22. Bc6 Re6 23. Bxe5 Rxc6 24. Bxf6 Rxf6 25. Rd8+ Kh7 26. Rxc8 Na4 27. Rb1 Rd6 28. Re8 c5 29. Kf1 Rad7 30. Ke1 f6 31. e4 Rg7 32. e5 fxe5 33. g3 c4 34. Rxe5 Rf7 35. Nd4 Nc5 36. Rf5 Nd3+ 37. Kd2 Rxf5 38. Nxf5 Rf6 39. Nd4 Rxf2+ 40. Ne2 Rh2 41. h4 Rf2 42. Ke3 {[%emt 0:04:28] normal} 1/2-1/2

[Event "-chT Youth Countries 2019"]
[Site "Wuerzburg"]
[Date "2019.10.04"]
[Round "5.4"]
[White "Muller, Magnus"]
[Black "Boder, Jan"]
[Result "1-0"]
[ECO "A20"]
[WhiteElo "1478"]
[BlackElo "2087"]
[Annotator "NA"]
[PlyCount "59"]
[EventDate "2019.10.02"]
[EventType "team-tourn"]
[EventRounds "7"]
[EventCountry "GER"]
[SourceTitle "playchess.com"]
[Source "ChessBase"]
[SourceQuality "1"]
[WhiteTeam "Thüringen"]
[BlackTeam "Rheinland-Pfalz"]
[TimeControl "40/5400+30:1800+30"]

1. c4 e5 2. g3 Nf6 3. Bg2 d5 4. cxd5 Nxd5 5. Nf3 Nc6 6. O-O Nb6 7. d3 Be7 8. b3 O-O 9. Bb2 f6 10. Nbd2 Be6 11. Rc1 a5 12. a3 Ra7 13. Qc2 Qd7 14. Rfd1 Rc8 15. e3 a4 16. b4 Bxb4 17. axb4 Nxb4 18. Qb1 Ba2 19. Qa1 Qf7 20. Nc4 Bxc4 21. dxc4 c5 22. Ba3 Qe6 23. Bxb4 cxb4 24. c5 Rca8 25. Rd6 Qe7 26. Rxb6 b3 27. Nd2 Qf7 28. Qa3 Rd8 29. Rd6 Rxd6 30. cxd6 {[%emt 0:01:30] normal} 1-0

[Event "-chT Youth Countries 2019"]
[Site "Wuerzburg"]
[Date "2019.10.04"]
[Round "5.5"]
[White "Arnhold, Steffi"]
[Black "Hetzner, Hannes"]
[Result "1-0"]
[ECO "C18"]
[WhiteElo "2042"]
[BlackElo "1996"]
[Annotator "NA"]
[PlyCount "87"]
[EventDate "2019.10.02"]
[EventType "team-tourn"]
[EventRounds "7"]
[EventCountry "GER"]
[SourceTitle "playchess.com"]
[Source "ChessBase"]
[SourceQuality "1"]
[WhiteTeam "Sachsen"]
[BlackTeam "Bayern 1"]
[TimeControl "40/5400+30:1800+30"]

1. e4 e6 2. d4 d5 3. Nc3 Bb4 4. e5 c5 5. a3 Bxc3+ 6. bxc3 Ne7 7. Bd3 Qc7 8. Qg4 cxd4 9. Ne2 dxc3 10. Qxg7 Rg8 11. Qxh7 Qxe5 12. Bf4 Qf6 13. Qh5 Nbc6 14. h4 Bd7 15. Bg5 Qe5 16. Qf3 Nd4 17. Qf6 Qxf6 18. Bxf6 Nxe2 19. Kxe2 Rg4 20. h5 Ng8 21. Bxc3 Nh6 22. Bd2 Nf5 23. Kf3 Rg8 24. Bxf5 exf5 25. h6 f6 26. h7 Rh8 27. Bc3 Kf7 28. Rh6 Kg7 29. Rah1 Raf8 30. Kf4 Be8 31. Kxf5 Bd7+ 32. Kf4 Be8 33. Bb4 Rf7 34. g4 Rc7 35. c3 b6 36. f3 a5 37. Bd6 Rd7 38. Rxf6 Kxf6 39. Be5+ Kg6 40. Bxh8 Rxh7 41. Rxh7 Kxh7 42. Bd4 b5 43. Ke5 Bc6 {[%emt 0:00:00] normal} 44. Kf6 {[%emt 0:00:00] normal} 1-0

[Event "-chT Youth Countries 2019"]
[Site "Wuerzburg"]
[Date "2019.10.04"]
[Round "5.5"]
[White "Farokhi, Keyvan"]
[Black "Stockmann, Till"]
[Result "1-0"]
[ECO "A45"]
[WhiteElo "2018"]
[BlackElo "1884"]
[Annotator "NA"]
[PlyCount "43"]
[EventDate "2019.10.02"]
[EventType "team-tourn"]
[EventRounds "7"]
[EventCountry "GER"]
[SourceTitle "playchess.com"]
[Source "ChessBase"]
[SourceQuality "1"]
[WhiteTeam "Schleswig-Holstein"]
[BlackTeam "Sachsen-Anhalt"]
[TimeControl "40/5400+30:1800+30"]

1. d4 Nf6 2. Bf4 g6 3. Nc3 d6 4. e4 Bg7 5. Qd2 h6 6. h4 Nbd7 7. O-O-O c6 8. e5 dxe5 9. dxe5 Nh7 10. e6 fxe6 11. Bxh6 Kf7 12. Bxg7 Kxg7 13. h5 Nhf6 14. h6+ Kf7 15. Nf3 Qg8 16. Ng5+ Ke8 17. Bc4 Nd5 18. h7 Qf8 19. Nxe6 Qf6 20. Bxd5 cxd5 21. Nxd5 Qf5 22. Ng7+ {[%emt 0:00:04] normal} 1-0

[Event "-chT Youth Countries 2019"]
[Site "Wuerzburg"]
[Date "2019.10.04"]
[Round "5.5"]
[White "Reitz, Theresa"]
[Black "Nguyen, Ha Thanh"]
[Result "1-0"]
[ECO "B24"]
[WhiteElo "1935"]
[BlackElo "1998"]
[Annotator "NA"]
[PlyCount "88"]
[EventDate "2019.10.02"]
[EventType "team-tourn"]
[EventRounds "7"]
[EventCountry "GER"]
[SourceTitle "playchess.com"]
[Source "ChessBase"]
[SourceQuality "1"]
[WhiteTeam "Rheinland-Pfalz"]
[BlackTeam "Thüringen"]
[TimeControl "40/5400+30:1800+30"]

1. e4 c5 2. Nc3 Nc6 3. Bb5 Nd4 4. Bc4 e6 5. Nge2 Nf6 6. O-O a6 7. d3 b5 8. Bb3 Nxb3 9. axb3 Bb7 10. Bg5 Be7 11. f4 h6 12. Bxf6 Bxf6 13. Ng3 Bd4+ 14. Kh1 h5 15. Nge2 Bf6 16. e5 Be7 17. Ne4 Qc7 18. Qd2 h4 19. h3 f5 20. N4c3 Kf7 21. Ng1 Rag8 22. Nf3 g5 23. Nxg5+ Bxg5 24. fxg5 Rh5 25. Ne4 Rg6 26. Qe2 Rh8 27. Nd6+ Ke7 28. Nxb7 Qxb7 29. Qe3 Qc8 30. Rf4 Rxg5 31. Rxh4 Rhg8 32. Rh7+ Kd8 33. Qxg5+ Rxg5 34. Rh8+ Kc7 35. Rxc8+ Kxc8 36. Rxa6 f4 37. Ra5 Rxe5 38. Rxb5 d6 39. b4 Re1+ 40. Kh2 Re2 41. Kg1 Rxc2 42. bxc5 dxc5 43. b4 cxb4 44. Rxb4 e5 {[%emt 0:00:06] normal} 1-0

[Event "-chT Youth Countries 2019"]
[Site "Wuerzburg"]
[Date "2019.10.04"]
[Round "5.5"]
[White "Bashylina, Luisa"]
[Black "Zhou, Lepu Coco"]
[Result "1-0"]
[ECO "C45"]
[WhiteElo "1933"]
[BlackElo "1739"]
[Annotator "NA"]
[PlyCount "83"]
[EventDate "2019.10.02"]
[EventType "team-tourn"]
[EventRounds "7"]
[EventCountry "GER"]
[SourceTitle "playchess.com"]
[Source "ChessBase"]
[SourceQuality "1"]
[WhiteTeam "Nordrhein-Westfalen"]
[BlackTeam "Berlin"]
[TimeControl "40/5400+30:1800+30"]

1. e4 e5 2. Nf3 Nc6 3. d4 exd4 4. Nxd4 Nf6 5. Nxc6 bxc6 6. e5 Qe7 7. Qe2 Nd5 8. c4 Ba6 9. b3 g6 10. f4 Bg7 11. g3 Nb6 12. Ba3 c5 13. Qf2 O-O 14. Be2 Bb7 15. O-O d6 16. Nd2 Nd7 17. Bf3 Bxf3 18. Nxf3 dxe5 19. fxe5 Rfe8 20. Rae1 Rad8 21. Nd4 Bxe5 22. Nc6 Qf8 23. Rxe5 Nxe5 24. Nxd8 Rxd8 25. Bxc5 Nd3 26. Bxf8 Nxf2 27. Bc5 Ne4 28. Be3 Nd2 29. Rf6 Ne4 30. Ra6 Rd1+ 31. Kg2 Re1 32. Bxa7 Re2+ 33. Kf3 Nc3 34. a4 Rd2 35. Rc6 Rd3+ 36. Kg2 Na2 37. Rxc7 Rxb3 38. Bd4 Kf8 39. a5 Rb8 40. a6 Nb4 41. Bc5+ Kg7 42. a7 {[%emt 0:00:19] normal} 1-0

[Event "-chT Youth Countries 2019"]
[Site "Wuerzburg"]
[Date "2019.10.04"]
[Round "5.5"]
[White "Khamenya, Vitalia"]
[Black "Moenster, Madita"]
[Result "1/2-1/2"]
[ECO "B93"]
[WhiteElo "1908"]
[BlackElo "1916"]
[Annotator "NA"]
[PlyCount "61"]
[EventDate "2019.10.02"]
[EventType "team-tourn"]
[EventRounds "7"]
[EventCountry "GER"]
[SourceTitle "playchess.com"]
[Source "ChessBase"]
[SourceQuality "1"]
[WhiteTeam "Bayern 2"]
[BlackTeam "Niedersachsen"]
[TimeControl "40/5400+30:1800+30"]

1. e4 c5 2. Nf3 d6 3. d4 cxd4 4. Nxd4 Nf6 5. Nc3 a6 6. f4 e5 7. Nf3 Nc6 8. a4 Be7 9. Bc4 O-O 10. O-O Qc7 11. Ba2 Bd7 12. Qe1 Nb4 13. Bb3 a5 14. f5 Bc6 15. Qg3 Nxe4 16. Nxe4 Bxe4 17. Bh6 Bf6 18. Ng5 Qc5+ 19. Kh1 Qc6 20. Rf2 Kh8 21. Bxg7+ Bxg7 22. Qh4 h6 23. f6 d5 24. Nxe4 dxe4 25. Raf1 Nd5 26. Bxd5 Qxd5 27. fxg7+ Kxg7 28. Qf6+ Kh7 29. Qf5+ Kg7 30. Qf6+ Kh7 31. Qf5+ {[%emt 0:00:30] normal} 1/2-1/2

[Event "-chT Youth Countries 2019"]
[Site "Wuerzburg"]
[Date "2019.10.04"]
[Round "5.5"]
[White "Kobald, Jacqueline"]
[Black "Schiewe, Nadin"]
[Result "1/2-1/2"]
[ECO "B07"]
[WhiteElo "1884"]
[BlackElo "1593"]
[Annotator "NA"]
[PlyCount "82"]
[EventDate "2019.10.02"]
[EventType "team-tourn"]
[EventRounds "7"]
[EventCountry "GER"]
[SourceTitle "playchess.com"]
[Source "ChessBase"]
[SourceQuality "1"]
[WhiteTeam "Württemberg"]
[BlackTeam "Brandenburg/Berlin"]
[TimeControl "40/5400+30:1800+30"]

1. e4 d6 2. d4 Nf6 3. Nc3 g6 4. h3 c6 5. a4 Nbd7 6. Nf3 Bg7 7. e5 dxe5 8. dxe5 Nd5 9. Nxd5 cxd5 10. Qxd5 Nxe5 11. Bb5+ Nd7 12. O-O O-O 13. Rd1 Qc7 14. Qc4 Qxc4 15. Bxc4 Ne5 16. Nxe5 Bxe5 17. Bh6 Bg7 18. Bxg7 Kxg7 19. Rd2 b6 20. Rad1 e6 21. Bb5 Bb7 22. Rd7 Rab8 23. Rc7 Rfc8 24. Rdd7 Rxc7 25. Rxc7 a6 26. Bd3 a5 27. f4 Bd5 28. Kf2 h5 29. g3 Rd8 30. Bc4 Kf6 31. Bxd5 Rxd5 32. Ke3 Rc5 33. Rxc5 bxc5 34. Ke4 Ke7 35. g4 hxg4 36. hxg4 Kd6 37. g5 Kd7 38. Ke5 Ke7 39. Ke4 Kd6 40. b3 Kd7 41. c3 Kd6 {[%emt 0:02:56] normal} 1/2-1/2

[Event "-chT Youth Countries 2019"]
[Site "Wuerzburg"]
[Date "2019.10.04"]
[Round "5.5"]
[White "Amato, Cristiano"]
[Black "Roste, Hugo"]
[Result "1/2-1/2"]
[ECO "B23"]
[WhiteElo "1746"]
[BlackElo "1339"]
[Annotator "NA"]
[PlyCount "105"]
[EventDate "2019.10.02"]
[EventType "team-tourn"]
[EventRounds "7"]
[EventCountry "GER"]
[SourceTitle "playchess.com"]
[Source "ChessBase"]
[SourceQuality "1"]
[WhiteTeam "Baden 2"]
[BlackTeam "Mecklenburg-Vorpommern"]
[TimeControl "40/5400+30:1800+30"]

1. e4 c5 2. Nc3 e6 3. f4 Nc6 4. Nf3 a6 5. a4 Qc7 6. Bc4 Qxf4 7. d3 Qc7 8. O-O d6 9. Qe2 Nf6 10. Bf4 Be7 11. Qf2 O-O 12. h3 b6 13. g4 e5 14. Bd2 h6 15. Rac1 Bd8 16. Nd5 Nxd5 17. exd5 Ne7 18. Qg2 Bd7 19. Nxe5 dxe5 20. d6 Qc6 21. dxe7 Qxg2+ 22. Kxg2 Bxe7 23. Rce1 Bd6 24. Bc3 Rae8 25. a5 b5 26. Bd5 Re7 27. Re4 Kh7 28. Rfe1 f6 29. d4 cxd4 30. Bxd4 Be6 31. Bxe6 Rxe6 32. Bb6 Rc8 33. c3 Bc7 34. Bxc7 Rxc7 35. Rd1 Kg6 36. Re2 Kf7 37. Red2 Ke7 38. Rd8 Ra7 39. Rg8 Kf7 40. Rdd8 Ree7 41. Rgf8+ Kg6 42. Rd1 Red7 43. Rd8 Rxd1 44. Rxd1 h5 45. Rd6 hxg4 46. hxg4 Kg5 47. Kg3 g6 48. Rd5 Kh6 49. Kh4 e4 50. Rd6 Re7 51. Rxf6 e3 52. g5+ Kg7 53. Rf1 {[%emt 0:00:18] normal} 1/2-1/2

[Event "-chT Youth Countries 2019"]
[Site "Wuerzburg"]
[Date "2019.10.04"]
[Round "5.6"]
[White "Costa, Leonardo"]
[Black "Peglau, Charis"]
[Result "1-0"]
[ECO "C02"]
[WhiteElo "1959"]
[BlackElo "1827"]
[Annotator "NA"]
[PlyCount "71"]
[EventDate "2019.10.02"]
[EventType "team-tourn"]
[EventRounds "7"]
[EventCountry "GER"]
[SourceTitle "playchess.com"]
[Source "ChessBase"]
[SourceQuality "1"]
[WhiteTeam "Bayern 1"]
[BlackTeam "Sachsen"]
[TimeControl "40/5400+30:1800+30"]

1. e4 e6 2. d4 d5 3. e5 c5 4. c3 Nc6 5. Nf3 Qb6 6. a3 Bd7 7. b4 cxb4 8. axb4 a6 9. Bd3 Nge7 10. O-O Ng6 11. g3 Be7 12. Nbd2 O-O 13. h4 Rfc8 14. Ng5 Nf8 15. Nb3 h6 16. Nh3 Na7 17. Nc5 Bb5 18. Bxb5 Nxb5 19. Qg4 Kh8 20. Nf4 Nxc3 21. Nh5 g6 22. Bxh6 Ne4 23. Nxe4 dxe4 24. Qf4 Kg8 25. Nf6+ Kh8 26. Ng4 Kg8 27. Bg5 Bxg5 28. hxg5 Nh7 29. Nh6+ Kh8 30. Qxf7 Rc7 31. Qxg6 Rg7 32. Qh5 Qxd4 33. g6 e3 34. gxh7 exf2+ 35. Kg2 Qe4+ 36. Qf3 {[%emt 0:00:47] normal} 1-0

[Event "-chT Youth Countries 2019"]
[Site "Wuerzburg"]
[Date "2019.10.04"]
[Round "5.6"]
[White "Dietz, Kristin"]
[Black "Rempe, Jonas"]
[Result "1/2-1/2"]
[ECO "C89"]
[WhiteElo "1948"]
[BlackElo "1816"]
[Annotator "NA"]
[PlyCount "126"]
[EventDate "2019.10.02"]
[EventType "team-tourn"]
[EventRounds "7"]
[EventCountry "GER"]
[SourceTitle "playchess.com"]
[Source "ChessBase"]
[SourceQuality "1"]
[WhiteTeam "Sachsen-Anhalt"]
[BlackTeam "Schleswig-Holstein"]
[TimeControl "40/5400+30:1800+30"]

1. e4 e5 2. Nf3 Nc6 3. Bb5 a6 4. Ba4 Nf6 5. O-O Be7 6. Re1 b5 7. Bb3 O-O 8. c3 d5 9. exd5 Nxd5 10. Nxe5 Nxe5 11. Rxe5 c6 12. d4 Bd6 13. Re1 Qh4 14. g3 Qh3 15. Qf3 Bg4 16. Qg2 Qh5 17. Be3 Bf3 18. Qf1 f5 19. Nd2 f4 20. Bxf4 Rxf4 21. Nxf3 Rxf3 22. Bd1 Raf8 23. Bxf3 Qxf3 24. Qe2 Qxe2 25. Rxe2 Kf7 26. Rae1 Rd8 27. Kg2 Rd7 28. h4 Re7 29. Rxe7+ Bxe7 30. f4 Bf6 31. Kf3 Nb6 32. Rh1 Na4 33. Rh2 g6 34. g4 b4 35. g5 bxc3 36. bxc3 Bg7 37. Rc2 Ke6 38. Ke4 Bf8 39. c4 Bg7 40. h5 Nb6 41. h6 Bf8 42. a4 a5 43. d5+ cxd5+ 44. cxd5+ Nxd5 45. Rc8 Bd6 46. Re8+ Be7 47. Rh8 Bd6 48. Rxh7 Bxf4 49. Rg7 Bxg5 50. h7 Nf6+ 51. Kf3 Nxh7 52. Rxh7 Bd2 53. Kg4 Bb4 54. Kg5 Kd5 55. Rh3 Kc4 56. Kxg6 Bc5 57. Kf5 Kb4 58. Rh4+ Kb3 59. Ke5 Bb4 60. Kd4 Kxa4 61. Kc4 Ka3 62. Rh2 Be1 63. Rg2 {[%emt 0:00:00] normal} Bb4 {[%emt 0:00:00] normal} 1/2-1/2